AoeStats
← General Disarray

Arabia

509433801Analyzed
1v1 RM · 7d ago on Sep 26, 2026· 39m 18s· 2 players
Game mode
Random Map
Map size
Tiny (2 player)
Population
200
Speed
Normal
Resources
Standard
Victory
Conquest
Starting age
Dark Age
Ending age
Imperial Age
RankedLock teamsTeams togetherTeam positionsShared explorationLock speedFull tech treeHidden civsTurbo modeCheats
Victory
Defeat
🇪🇸 Italians · Spain
836
+14
🇬🇧 Sicilians · United Kingdom
800
-31
Lober23
7:37 Loom
10:07 Feudal Age
17:03 Man-at-Arms
21:29 Town Watch
25:15 Castle Age
23:15 Gold Mining
23:25 Horse Collar
23:38 Double-Bit Axe
24:20 Forging
24:16 Scale Barding Armor
25:52 Bloodlines
26:33 Husbandry
27:04 Heavy Plow
27:17 Bow Saw
28:59 Town Patrol
29:49 Iron Casting
31:48 Chain Barding Armor
General Disarray
11:02 Feudal Age
12:49 Loom
13:08 Double-Bit Axe
13:09 Horse Collar
16:30 Forging
16:12 Fletching
19:50 Gold Mining
23:17 Castle Age
22:52 Stone Mining
25:43 Bow Saw
25:38 Heavy Plow
27:15 Town Watch
28:36 Wheelbarrow
28:54 Iron Casting
28:14 Bodkin Arrow
28:20 Padded Archer Armor
28:23 Scale Mail Armor
31:51 Town Patrol
32:06 Hand Cart
38:29 Pikeman
Connection lost

Rejoining the realm…

Still unreachable

The connection could not be restored.

Session expired

The server has moved on; the page needs a fresh start.